 Dungeon Crawl Stone Soup version 0.31-a0-1074-g0b22e4e0f1 (webtiles) character file.

Game seed: 16613659431658945043

1579 grandjackal the Fighter (level 8, -2/93 HPs)
             Began as an Ogre Warper on Nov 29, 2023.
             Slain by an orc
             ... wielding a +0 hand axe
              (3 damage)
             ... on level 5 of the Dungeon.
             The game lasted 00:14:04 (8206 turns).

grandjackal the Fighter (Ogre Warper)               Turns: 8206, Time: 00:14:04

Health: -2/93      AC: 10    Str: 16      XL:     8   Next: 91%
Magic:  11/12      EV:  9    Int: 16      God:
Gold:   331        SH:  0    Dex:  7 (8)  Spells: 3/13 levels left

rFire   . . .        h - +0 mace (protect)
rCold   . . .        (no shield)
rNeg    . . .        b - +0 robe
rPois   .            (helmet restricted)
rElec   .            (no cloak)
rCorr   .            (gloves unavailable)
SInv    .            (boots unavailable)
Will    .....        (no amulet)
Stlth   +            (no ring)
HPRegen 0.35/turn    (no ring)
MPRegen 0.13/turn

%: no passive effects
@: under a protective aura
A: large, unfitting armour, tough skin 1
a: no special abilities


You were on level 5 of the Dungeon.
You visited 2 branches of the dungeon, and saw 7 of its levels.

You collected 331 gold pieces.

Inventory:

Hand Weapons
 a - a +0 mace
 h - a +0 mace of protection (weapon)
 E - a +1 dagger of draining
Missiles
 d - 5 darts of dispersal
 e - 3 curare-tipped darts
 j - 4 poisoned darts (quivered)
 A - 4 boomerangs
Armour
 b - a +0 robe (worn)
Wands
 D - a wand of mindburst (2)
 F - a wand of polymorph (8)
Scrolls
 c - 5 scrolls of blinking
 f - 3 scrolls of vulnerability {unknown}
 i - 7 scrolls of identify {unknown}
 m - 2 scrolls of poison {unknown}
 n - a scroll of brand weapon {unknown}
 q - 2 scrolls of fear {unknown}
 s - a scroll of amnesia {unknown}
 w - 2 scrolls of teleportation {unknown}
 y - 3 scrolls of immolation {unknown}
 z - a scroll of enchant weapon {unknown}
Potions
 g - 2 potions of brilliance
 k - a potion of curing
 l - a potion of magic {unknown}
 o - a potion of berserk rage {unknown}
 p - 2 potions of mutation {unknown}
 r - 2 potions of degeneration {unknown}
 t - 2 potions of ambrosia {unknown}
 u - 2 potions of resistance {unknown}
 x - a potion of haste {unknown}
 B - a potion of enlightenment {unknown}
 C - 2 potions of might {unknown}


   Skills:
 + Level 10.2 Fighting
 - Level 2.0 Maces & Flails
 - Level 1.0 Throwing
 - Level 2.1 Dodging
 - Level 3.0 Spellcasting
 + Level 7.4 Translocations


You had 3 spell levels left.
You knew the following spells:

 Your Spells              Type           Power      Damage    Failure   Level
a - Blink                 Tloc           52%        N/A       1%          2
b - Manifold Assault      Tloc           26%        N/A       9%          4
c - Summon Ice Beast      Ice/Summ       2%         N/A       88%         4

Your spell library contained the following spells:

 Spells                   Type           Power      Damage    Failure   Level
 Lesser Beckoning         Tloc           52%        N/A       1%          2
 Teleport Other           Tloc           26%        N/A       2%          3
 Slow                     Hex            8%         N/A       19%         1
 Ensorcelled Hibernation  Hex/Ice        4%         N/A       28%         2
 Passwall                 Tmut/Erth      1%         N/A       28%         2
 Confusing Touch          Hex            2%         N/A       50%         3
 Hailstorm                Conj/Ice       2%         3d3       50%         3
 Sigil of Binding         Hex            2%         N/A       50%         3
 Swiftness                Air            2%         N/A       50%         3
 Vampiric Draining        Necr           2%         2d6       50%         3
 Vhi's Electric Charge    Tloc/Air       28%        N/A       38%         4
 Simulacrum               Ice/Necr       1%         N/A       100%        6


Dungeon Overview and Level Annotations

Branches:
Dungeon (6/15)             Temple (1/1) D:6

Altars:
Cheibriados
Dithmenos
Elyvilon
Fedhas
Gozag
Kikubaaqudgha
Makhleb
Okawaru
Qazlal
Ru
Sif Muna
Uskayaw
Vehumet
Wu Jian
Xom
Yredelemnul
Zin
The Shining One


Innate Abilities, Weirdness & Mutations

You are too large for most types of armour.
You have tough skin. (AC +1)


Message History

Confirm with . or Enter, or press ? or * to list all spells.
You blink.
You feel ready to blink again.
You see here a +0 spear.
Things that are here:
a +0 whip; a +0 leather armour; a +0 flail A sky beast appears from thin air!
Reactivating autopickup.
You see here a +0 spear.
There is a stone staircase leading up here.
You climb upwards.
The orc warrior shouts!
There is a stone staircase leading down here.
Casting: Blink (safe; 1% risk of failure)
Confirm with . or Enter, or press ? or * to list all spells.
You blink.
The orc shouts!
The orc hits you with a +0 mace.
* * * LOW HITPOINT WARNING * * *
The orc warrior misses you.
The orc warrior attacks as it pursues you!
The orc warrior hits you from afar with a +0 glaive!
* * * LOW HITPOINT WARNING * * *
The orc closely misses you. The orc attacks as it pursues you!
The orc barely misses you. The orc attacks as it pursues you!
The orc barely misses you.
You feel ready to blink again.
The orc shouts!
The orc hits you with a +4 short sword.
* * * LOW HITPOINT WARNING * * *
You hit the orc.
Your weapon exudes an aura of protection.
The orc is moderately wounded.
The orc hits you but does no damage. x2
The orc warrior hits you from afar with a +0 glaive!
* * * LOW HITPOINT WARNING * * *
You sock the orc!
You kill the orc!
The orc hits you with a +0 hand axe.
You die...

#####.....#..........#.......#
#.........'..................'
#.........###.#......#.......#
#.....###..........#.#.......#
#.....# #.o........#.#.......#
#.....# #....o....##.........#
#.....# #####o....##.#........
#.....# #o######.#.....###
####### #@######'#####.###
##### #)#..........#...# #...#
#.#.......##.###.#
#...####.#.......##.# #..
#...+.)#.#.......##.# ###
#...##.#.#.......##.# #
#....#.#'##########.# #
#....#....# #.# # ##'#<.....#
#######.#


You could see an orc warrior and 2 orcs.

Vanquished Creatures
  Prince Ribbit (D:5)
  Eustachio (D:5)
  Menkaure (D:5)
  A black bear (D:6)
  A bullfrog (D:6)
  3 scorpions
  A wight (D:6)
  A jelly (D:4)
  2 hounds
  An orc priest (D:3)
  2 gnoll boudas
  4 iguanas
  A sleepcap (D:6)
  2 orc wizards
  Terence (D:2)
  Ijyb (D:4)
  13 gnolls
  3 adders
  2 ufetubi (D:6)
  4 worms
  2 dart slugs
  19 orcs
  4 bats
  8 endoplasms
  A giant cockroach (D:3)
  35 goblins
  28 hobgoblins
  3 jackals (D:4)
  13 kobolds
  5 quokkas
  4 ball pythons
  4 frilled lizards
  4 rats
176 creatures vanquished.

Notes
Turn   | Place    | Note
-------+----------+-------------------------------------------
     0 | D:1      | grandjackal the Ogre Warper began the quest for the Orb.
     0 | D:1      | Reached XP level 1. HP: 22/22 MP: 3/3
   275 | D:1      | Reached skill level 3 in Fighting
   275 | D:1      | Reached XP level 2. HP: 15/31 MP: 5/5
   944 | D:2      | HP: 1/31 [worm (5)]
  1125 | D:2      | Reached XP level 3. HP: 20/37 MP: 5/7
  1199 | D:2      | Noticed Terence
  1206 | D:2      | Killed Terence
  1207 | D:2      | Reached XP level 4. HP: 48/48 MP: 8/8
  1291 | D:2      | Reached skill level 4 in Fighting
  1313 | D:2      | Learned a level 2 spell: Blink
  1318 | D:2      | Learned a level 4 spell: Manifold Assault
  1376 | D:2      | Found a shimmering altar of Xom.
  2644 | D:3      | Reached XP level 5. HP: 24/55 MP: 9/9
  3026 | D:3      | Reached skill level 5 in Fighting
  3087 | D:3      | Learned a level 4 spell: Summon Ice Beast
  3908 | D:3      | Reached XP level 6. HP: 67/67 MP: 10/10
  4570 | D:4      | Reached skill level 6 in Fighting
  5077 | D:4      | Reached skill level 5 in Translocations
  5181 | D:4      | Reached XP level 7. HP: 52/76 MP: 11/11
  5421 | D:4      | Noticed Ijyb
  5434 | D:4      | Killed Ijyb
  5618 | D:5      | Entered Level 5 of the Dungeon
  5658 | D:5      | Noticed Menkaure
  5671 | D:5      | Reached skill level 7 in Fighting
  5963 | D:5      | Found an ornate altar of the Wu Jian Council.
  6124 | D:5      | Killed Menkaure
  6187 | D:5      | Reached skill level 8 in Fighting
  6401 | D:5      | Noticed Prince Ribbit
  6425 | D:5      | Killed Prince Ribbit
  6426 | D:5      | Reached XP level 8. HP: 19/89 MP: 12/12
  7042 | D:5      | Noticed Eustachio
  7080 | D:5      | Killed Eustachio
  7081 | D:5      | Reached skill level 9 in Fighting
  7566 | D:6      | Noticed a two-headed ogre
  7782 | D:6      | Found a staircase to the Ecumenical Temple.
  7789 | Temple   | Entered the Ecumenical Temple
  7992 | D:6      | Reached skill level 10 in Fighting
  8112 | D:6      | Identified the +0 ring mail of Qolexzoenn {Drain rPois
                  | Will+++ MP+9}
  8154 | D:6      | HP: 3/93 [something (6)]
  8205 | D:5      | HP: 1/93 [orc warrior/+0 glaive (13)]
  8206 | D:5      | Slain by an orc

Illustrated notes

Levels and vault maps discovered:
D:1:      dpeg_arrival_tiny_a, layout_basic, st_stairs_3, reono_crystal_passage,
          solitary_fountain
D:2:      layout_basic, basic_altar, uniq_terence
D:3:      minmay_goblin_kobold_castle, layout_loops_ring
D:4:      layout_rooms, uniq_ijyb
D:5:      layout_basic, nicolae_wu_jian_wuxing_cycle, uniq_prince_ribbit1,
          uniq_menkaure, uniq_eustachio
D:6:      layout_loops_ring, minmay_temple_entry_gardened_gates,
          kennysheep_generic_room_11
Temple:   nicolae_temple_bog_church

Skill      XL: |  1  2  3  4  5  6  7  8 |
---------------+-------------------------+-----
Fighting       | 3 4 5 6 8 10 | 10.2
Maces & Flails | 2 |  2.0
Translocations | 3 4 5 6 7 |  7.4
Spellcasting   | 3 |  3.0
Throwing       | |  1.0
Dodging        | |  2.1

Action                     |  1- 3 |  4- 6 |  7- 9 || total
---------------------------+-------+-------+-------++-------
  Melee: Mace              |    84 |   463 |   217 ||   764
         Punch             |     2 |     4 |     1 ||     7
  Throw: Dart              |     4 |     6 |    44 ||    54
         Boomerang         |       |       |     5 ||     5
   Cast: Blink             |       |     1 |    10 ||    11
  Evoke: Wand              |       |       |     6 ||     6
    Use: Potion            |     1 |       |     3 ||     4
 Armour: Robe              |    85 |   462 |   277 ||   824
  Dodge: Dodged            |    47 |   267 |   168 ||   482

Table legend: (Time is in decaauts)
 A = Elapsed time spent in this place.
 B = Non-inter-level travel time spent in this place.
 C = Inter-level travel time spent in this place.
 D = Time resting spent in this place.
 E = Time spent auto-exploring this place.
 F = Levels seen in this place.
 G = Mean time per level.
                   A        B        C        D        E       F      G
               +--------+--------+--------+--------+--------+-----+--------+
         Total |   8439 |   8182 |    257 |   2581 |   3116 |   7 | 1205.6 |
       Dungeon |   8399 |   8162 |    237 |   2581 |   3116 |   6 | 1399.8 |
        Temple |     39 |     19 |     20 |      0 |      0 |   1 |   39.0 |
               +--------+--------+--------+--------+--------+-----+--------+

Top non-repeatable levels by time:
     D:3: 3032 daAuts
     D:5: 1436 daAuts
     D:1: 1063 daAuts
     D:4: 1018 daAuts
     D:2: 925 daAuts
     D:6: 923 daAuts
  Temple: 39 daAuts
